 Dungeon Crawl Stone Soup version 0.17.1-3-g152610e (webtiles) character file.

83 Peloso the Shield-Bearer (level 4, -12/40 HPs)
             Began as a Minotaur Fighter on Mar 19, 2016.
             Mangled by an ogre
             ... wielding a +0 giant club
              (15 damage)
             ... on level 4 of the Dungeon.
             The game lasted 00:05:26 (1937 turns).

Peloso the Shield-Bearer (Minotaur Fighter)         Turns: 1937, Time: 00:05:26

Health: -12/40     AC: 10    Str: 20    XL:     4   Next: 22%
Magic:  3/3        EV:  8    Int:  5    God:
Gold:   113        SH:  9    Dex: 11    Spells: 0 memorised, 3 levels left

rFire  . . .     SeeInvis .     a - +0 long sword
rCold  . . .     Clarity  .     b - +0 scale mail
rNeg   . . .     SustAt   .     c - +0 shield
rPois  .         Gourm    .     (helmet restricted)
rElec  .         Spirit   .     (no cloak)
rCorr  .         Warding  .     (no gloves)
rMut   .         Stasis   +     (no boots)
MR     .....                    v - amulet of stasis
Stlth  ..........               m - ring of flight
                                k - +3 ring of protection

@: not resistant to hostile enchantments, extremely unstealthy
A: retaliatory headbutt, horns 2
a: Evoke Flight


You were on level 4 of the Dungeon.
You were not hungry.

You visited 2 branches of the dungeon, and saw 5 of its levels.

You collected 113 gold pieces.

Inventory:

Hand Weapons
 a - a +0 long sword (weapon)
 n - a +2 short sword of draining
Armour
 b - a +0 scale mail (worn)
 c - a +0 shield (worn)
Jewellery
 k - a +3 ring of protection (left hand)
 m - a ring of flight (right hand)
 v - an amulet of stasis (around neck)
Wands
 t - a wand of lightning (10)
Scrolls
 f - 2 scrolls of immolation {unknown}
 h - a scroll of random uselessness {unknown}
 j - a scroll of enchant weapon {unknown}
 p - 3 scrolls of teleportation {unknown}
 q - a scroll of amnesia {unknown}
 r - 4 scrolls of remove curse {unknown}
Potions
 d - a potion of might
 g - 2 potions of haste {unknown}
 i - 2 potions of invisibility {unknown}
 o - a potion of lignification {unknown}
 s - a potion of brilliance {unknown}
 u - a potion of curing {unknown}
Comestibles
 e - 2 bread rations
 l - 2 chunks of flesh


   Skills:
 + Level 4.3 Fighting
 + Level 3.0 Long Blades
 + Level 4.2 Armour
 + Level 1.4 Dodging
 + Level 0.3 Stealth
 + Level 4.3 Shields


You had 3 spell levels left.
You didn't know any spells.

Dungeon Overview and Level Annotations

Branches:
Dungeon (4/15)             Temple (1/1) D:4

Altars:
Fedhas
Gozag
Makhleb
Ru
Sif Muna
Trog
Xom


Innate Abilities, Weirdness & Mutations

You reflexively headbutt those who attack you in melee.
You have a pair of horns on your head.


Message History

The ogre is lightly wounded.
The ogre hits you with a giant club!
You hit the ogre.
The ogre is lightly wounded.
The ogre hits you with a giant club!!
Ouch! That really hurt!
* * * LOW HITPOINT WARNING * * *
You block the giant cockroach's attack.
You barely miss the ogre. You headbutt the ogre!
The ogre is moderately wounded.
The giant cockroach bites you but does no damage.
You block the ogre's attack.
You slash the ogre!
The ogre is severely wounded.
You block the giant cockroach's attack. You block the ogre's attack.
The giant cockroach closely misses you.
You hit the ogre.
The ogre is almost dead.
You block the giant cockroach's attack. The ogre hits you with a giant club!
You die...

#........ #........
#.$...... #......#
##......##
.........#
......sO.# . .....
.......@.# .....
.........# ....
...[.....# # #..#
####...<## #
...###+####....##
##.##.............#
....#.............#
..................#
.⌠..#.............#


You could see an ogre and a giant cockroach.

Vanquished Creatures
  2 adders (D:3)
  4 worms
  4 orcs
  2 giant cockroaches
  7 hobgoblins
  6 jackals
  2 quokkas (D:2)
  5 bats (D:2)
  2 giant newts
  5 goblins
  2 kobolds (D:2)
  A quokka skeleton (D:4)
  4 rats
46 creatures vanquished.

Notes
Turn   | Place    | Note
--------------------------------------------------------------
     0 | D:1      | Peloso the Minotaur Fighter began the quest for the Orb.
     0 | D:1      | Reached XP level 1. HP: 19/19 MP: 0/0
   376 | D:1      | Reached XP level 2. HP: 27/27 MP: 1/1
   662 | D:2      | Found a bloodstained altar of Trog.
   759 | D:2      | Reached skill level 4 in Fighting
   930 | D:2      | Reached XP level 3. HP: 31/33 MP: 2/2
  1341 | D:3      | Found a faded altar to an unknown god.
  1629 | D:3      | Reached skill level 1 in Dodging
  1629 | D:3      | Reached XP level 4. HP: 40/40 MP: 3/3
  1687 | D:4      | Noticed an ogre
  1733 | D:4      | Found a staircase to the Ecumenical Temple.
  1744 | Temple   | Entered the Ecumenical Temple
  1928 | D:4      | Noticed an ogre
  1937 | D:4      | Mangled by an ogre

Action                   |  1- 3 |  4- 6 || total
-------------------------+-------+-------++-------
Melee: Long sword        |   104 |    33 ||   137
  Eat: Chunk             |     2 |     1 ||     3
